AoeStats
← 2684480386

Arena

510269957Analyzed
1v1 RM · 3d ago on Sep 30, 2026· 37m 14s· 2 players
Game mode
Random Map
Map size
Tiny (2 player)
Population
200
Speed
Normal
Resources
Standard
Victory
Conquest
Starting age
Dark Age
Ending age
Imperial Age
RankedLock teamsTeams togetherTeam positionsShared explorationLock speedFull tech treeHidden civsTurbo modeCheats
Victory
Defeat
🇦🇺 Khitans · Australia
998
+16
🇨🇳 Turks · China
1000
-48
Mild_Inconvenience
8:59 Loom
11:03 Feudal Age
15:16 Castle Age
13:21 Double-Bit Axe
14:06 Domestication
15:35 Wheelbarrow
17:02 Bow Saw
21:13 Light Cavalry
23:41 Town Watch
25:11 Fervor
27:46 Hand Cart
31:49 Imperial Age
30:19 Gold Mining
30:22 Stone Mining
30:40 Scale Barding Armor
30:26 Fletching
31:31 Forging
31:42 Chain Barding Armor
32:59 Husbandry
33:26 Fortified Wall
32:59 Hussar
35:47 Plate Barding Armor
35:48 Iron Casting
36:39 Bodkin Arrow
38:03 Ballistics
37:54 Masonry
37:40 Murder Holes
2684480386
9:00 Loom
12:05 Feudal Age
17:11 Castle Age
19:07 Double-Bit Axe
19:12 Horse Collar
20:15 Bow Saw
24:51 Heavy Plow
27:04 Gold Mining
31:26 Gold Shaft Mining
33:36 Imperial Age
34:17 Elite Janissary
35:15 Capped Ram
Connection lost

Rejoining the realm…

Still unreachable

The connection could not be restored.

Session expired

The server has moved on; the page needs a fresh start.